 Dungeon Crawl Stone Soup version 0.24-a0-715-g0b739ee41d (webtiles) character file.

Game seed: 12898333577102956746, levelgen mode: deterministic

20 Marnok the Skirmisher (level 2, 0/27 HPs)
             Began as a Hill Orc Fighter on Sept 30, 2019.
             Slain by Pikel
             ... wielding a +1 whip of flaming
              (2 damage)
             ... on level 2 of the Dungeon.
             The game lasted 00:02:57 (811 turns).

Marnok the Skirmisher (Hill Orc Fighter)             Turns: 811, Time: 00:02:58

Health: 0/27       AC:  7    Str: 23    XL:     2   Next: 79%
Magic:  2/2        EV: 12    Int:  8    God:
Gold:   12         SH: 10    Dex: 15    Spells: 1/1 levels left

rFire    . . .     SeeInvis .   a - +0 long sword
rCold    . . .     Gourm    .   c - +0 shield
rNeg     . . .     Faith    .   b - +0 scale mail
rPois    .         Spirit   .   (no helmet)
rElec    .         Reflect  .   (no cloak)
rCorr    .         Harm     .   (no gloves)
MR       .....                  (no boots)
Stlth    +.........             (no amulet)
HPRegen  0.09/turn              (no ring)
MPRegen  0.08/turn              (no ring)

@: mighty, agile, hasted, very quick
A: no striking features
a: no special abilities


You were on level 2 of the Dungeon.
You were not hungry.

You visited 1 branch of the dungeon, and saw 4 of its levels.

You collected 12 gold pieces.

Inventory:

Hand Weapons
 a - a +0 long sword (weapon)
Missiles
 g - 2 javelins (quivered)
Armour
 b - a +0 scale mail (worn)
 c - a +0 shield (worn)
Scrolls
 e - a scroll of enchant weapon {unknown}
 j - a scroll of magic mapping {unknown}
 k - a scroll of immolation {unknown}
 l - 2 scrolls of amnesia {unknown}
 m - a scroll of teleportation {unknown}
Potions
 d - 2 potions of might
Comestibles
 f - a ration


   Skills:
 + Level 4.0 Fighting
 + Level 2.3 Long Blades
 + Level 3.7 Armour
 + Level 3.5 Shields


You had one spell level left.
You didn't know any spells.
Your spell library was empty.

Dungeon Overview and Level Annotations

Branches:
Dungeon (4/15)
 Temple: D:4-7

Altars:

Annotations:
D:2 Pikel


Message History

Pikel is moderately wounded.
You block Pikel's attack.
Pikel hits you with a +1 whip of flaming.
* * * LOW HITPOINT WARNING * * *
Pikel burns you.
* * * LOW HITPOINT WARNING * * *
It was a potion of haste.
You feel yourself speed up. Pikel hits you but does no damage.
You barely miss Pikel.
Pikel is moderately wounded.
Pikel closely misses you.
You riposte.
You closely miss Pikel.
Pikel is moderately wounded.
It was a potion of agility.
You feel agile all of a sudden.
You hit Pikel.
Pikel is moderately wounded.
Pikel hits you with a +1 whip of flaming.
* * * LOW HITPOINT WARNING * * *
Pikel burns you.
You die...

######.# #.....)#
#.####.#
#.#....#########+
#.#.##........##.
##.#.##.######.##.
#.......######.##.
#.......##........
#@##.##.##.###....
#K##.##.##.###.#..
#.##...........#..
#.#####.########..
#.# #.# #.. #.# .#
##. #.. #. ### #.
#.


You could see Pikel.

Vanquished Creatures
  A leopard gecko (D:3)
  2 bats (D:1)
  A giant cockroach (D:1)
  A goblin (D:1)
  3 hobgoblins
  A jackal (D:1)
  A frilled lizard (D:1)
  4 kobolds (D:1)
  4 rats (D:1)
18 creatures vanquished.

Notes
Turn   | Place    | Note
-------+----------+-------------------------------------------
     0 | D:1      | Marnok the Hill Orc Fighter began the quest for the Orb.
     0 | D:1      | Reached XP level 1. HP: 19/19 MP: 1/1
   159 | D:1      | Reached XP level 2. HP: 27/27 MP: 2/2
   782 | D:3      | Reached skill level 4 in Fighting
   787 | D:4      | Noticed Pikel
   787 | D:4      | Noticed a slave
   787 | D:4      | Noticed a slave
   787 | D:4      | Noticed a slave
   787 | D:4      | Noticed a slave
   811 | D:2      | Slain by Pikel

Levels and vault maps discovered:
D:1:      minmay_arrival_up_and_down, layout_basic, chequers_big_river,
          st_stairs_5
D:2:      layout_loops_corners, trog_book
D:3:      layout_loops_ring, nicolae_overflow_crystal_walls, uniq_terence,
          uniq_robin
D:4:      layout_gridville, okawaru_altar_gauntlet_db, serial_shops, shop,
          first_ration, uniq_pikel

Skill      XL: |  1  2 |
---------------+-------+-----
Fighting       | 4 |  4.0
Long Blades    | |  2.3
Armour         | |  3.7
Shields        | |  3.5

Action                   || total
-------------------------++-------
Melee: Long sword        ||    65
  Use: Potion            ||     3
Armor: Scale mail        ||    25
Dodge: Dodged            ||    27
Block: Shield            ||    39
       Rpst.: Long sword ||    11

Table legend:
 A = Non-vault XP
 B = Vault XP
 C = Vault XP percentage of total XP
 D = Non-vault monster count
 E = Vault monster count
 F = Vault count percentage of total count
                 A         B        C        D         E       F
            +---------+---------+-------+---------+---------+-------
      Total |      25 |       4 |  13.8 |      15 |       3 |  16.7
            +---------+---------+-------+---------+---------+-------
        D:1 |      18 |       4 |  18.2 |      12 |       3 |  20.0
        D:2 |       4 |       0 |   0.0 |       2 |       0 |   0.0
        D:3 |       3 |       0 |   0.0 |       1 |       0 |   0.0
            +---------+---------+-------+---------+---------+-------
